 Dungeon Crawl Stone Soup version 0.31-a0-986-g5e6e4ef867 (webtiles) character file.

Game seed: 17722150817592064238

2807 Dittersdorf the Protected (level 9, -1/59 HPs)
             Began as a Gargoyle Fighter on Nov 6, 2023.
             Slain by a two-headed ogre
             ... wielding a +0 giant club
              (17 damage)
             ... on level 6 of the Dungeon.
             The game lasted 00:07:37 (5761 turns).

Dittersdorf the Protected (Gargoyle Fighter)        Turns: 5761, Time: 00:07:38

Health: -1/59      AC: 20    Str: 30    XL:     9   Next: 72%
Magic:  9/9        EV:  9    Int:  9    God:
Gold:   337        SH:  5    Dex:  9    Spells: 8/8 levels left

rFire   . . .        v - +0 morningstar
rCold   . . .        c - +0 buckler
rNeg    + . .        e - +0 chain mail
rPois   ∞            m - +0 helmet
rElec   +            (no cloak)
rCorr   .            o - +0 pair of gloves
SInv    .            (no boots)
Will    .....        p - amulet of regeneration Stlth
                     l - +6 ring of strength
HPRegen 1.09/turn    (no ring)
MPRegen 0.11/turn

%: no passive effects
@: no status effects
A: sickness immunity, AC +6, negative energy resistance 1, electricity
resistance, torment resistance 1, petrification resistance
a: no special abilities


You were on level 6 of the Dungeon.
You visited 1 branch of the dungeon, and saw 7 of its levels.

You collected 337 gold pieces.

Inventory:

Hand Weapons
 v - a +0 morningstar (weapon)
Armour
 c - a +0 buckler (worn)
 e - a +0 chain mail (worn)
 m - a +0 helmet (worn)
 o - a +0 pair of gloves (worn)
Jewellery
 l - a +6 ring of strength (left hand)
 p - an amulet of regeneration (around neck)
Wands
 x - a wand of mindburst (4) (quivered)
Scrolls
 b - a scroll of enchant armour {unknown}
 j - a scroll of immolation {unknown}
 k - 2 scrolls of poison
 n - a scroll of enchant weapon {unknown}
Potions
 a - a potion of enlightenment
 d - 3 potions of might
 f - 5 potions of curing {unknown}
 g - 2 potions of heal wounds
 h - 3 potions of resistance
 i - a potion of haste
 q - a potion of magic
 s - 2 potions of mutation


   Skills:
 + Level 7.8 Fighting
 + Level 6.7 Maces & Flails
 + Level 8.0 Armour
 + Level 7.9 Shields


You had 8 spell levels left.
You didn't know any spells.
Your spell library contained the following spells:

 Spells                   Type           Power      Damage    Failure   Level
 Freeze                   Ice            0%         1d3       85%         1
 Ensorcelled Hibernation  Hex/Ice        0%         N/A       94%         2
 Passwall                 Tmut/Erth      0%         N/A       94%         2
 Wereblood                Tmut           0%         N/A       94%         2
 Frozen Ramparts          Ice            0%         1d1       99%         3
 Hailstorm                Conj/Ice       0%         3d3       99%         3
 Swiftness                Air            0%         N/A       99%         3
 Vhi's Electric Charge    Tloc/Air       0%         N/A       100%        4
 Arcjolt                  Conj/Air       0%         1d10      100%        5
 Irradiate                Conj/Tmut      0%         3d11      100%        5
 Iskenderun's Battlesphe  Conj           0%         2d6       100%        5
 Bombard                  Conj/Erth      0%         9d1       100%        6
 Plasma Beam              Fire/Air       0%         2x1d10    100%        6
 Spellforged Servitor     Conj/Summ      0%         N/A       100%        7


Dungeon Overview and Level Annotations

Branches:
Dungeon (7/15)
 Temple: D:4-7

Altars:
Dithmenos
Fedhas
Xom
Yredelemnul

Shops:
D:1 =   D:2 ?   D:5 (

Annotations:
D:5 2 transporters, octoduck's ghost, amateur DrSh


Innate Abilities, Weirdness & Mutations

You are immune to sickness and miasma.
Your stone body is resilient. (AC +6)
You are immune to poison.
You resist negative energy. (rN+)
You are resistant to electric shocks. (rElec)
You are resistant to unholy torment.
You are immune to petrification.


Message History

You block the orc's attack. You block the two-headed ogre's attack.
The two-headed ogre barely misses you. The orc hits you with a +0 dagger.
You climb upwards.
There is a stone staircase leading down, spattered with blood here.
Things that are here:
a +0 robe; a +0 dagger You barely miss the two-headed ogre.
You block the orc's attack. The orc hits you but does no damage.
The two-headed ogre barely misses you.
The two-headed ogre hits you with a +0 giant spiked club.
You impale the orc!!
You kill the orc!
The orc closely misses you.
The two-headed ogre hits you but does no damage.
You block the two-headed ogre's attack. The orc hits you but does no damage.
You closely miss the orc. You block the orc's attack.
You hit the orc.
The orc is heavily wounded.
The two-headed ogre hits you with a +0 giant club!!
The two-headed ogre hits you with a +0 giant spiked club!
The orc barely misses you.
You bludgeon the orc!!
You kill the orc!
You block the two-headed ogre's attack. The two-headed ogre closely misses you.
Aiming: Mindburst
Press: ? - help, Q - select action Shift-Dir - straight line, f - two-headed ogre
Aim: a two-headed ogre, wielding a +0 giant club and a +0 giant spiked club (chance to affect: 47%)
The two-headed ogre's minds are blasted!
The two-headed ogre hits you with a +0 giant club!
* * * LOW HITPOINT WARNING * * *
The two-headed ogre closely misses you.
You see here a +0 mace.
Aiming: Mindburst
Press: ? - help, Q - select action Shift-Dir - straight line, f/p - two-headed ogre
Aim: a two-headed ogre, wielding a +0 giant club and a +0 giant spiked club (moderately wounded, chance to affect: 47%)
The two-headed ogre resists with some effort.
You impale the two-headed ogre!!
The two-headed ogre is heavily wounded.
The two-headed ogre barely misses you.
The two-headed ogre hits you with a +0 giant spiked club!
You die...

...## ##..........##
#.......## ..##
##............##
##.####..# ###
#..............# ###
#..## .#
##..............##
###... .#
##................#
##.....
.###.................#
#......
..##.................#
#......
..##..........[O.....#
##.....
...##.........).@.>.##
##......
...####.............#
##..#.... #...#
###.........###
##..###... #...#
#...####### ###..## ####
#...#####...### ##..###
# ##............####
##.?##
.....#####.......###..##
....## #............##
....# #...."......##


You could see a two-headed ogre.

Vanquished Creatures
  Pikel (D:4)
  Edmund (D:5)
  A water moccasin (D:5)
  4 black bears (D:5)
  An orc warrior (D:6)
  2 ogres
  A lemure (D:3)
  A phantom (D:4)
  A bullfrog (D:6)
  Blork the orc (D:5)
  A gnoll sergeant (D:5)
  3 scorpions
  2 howler monkeys
  5 hounds
  A jelly (D:3)
  3 orc priests
  2 gnoll boudas
  A sleepcap (D:6)
  8 iguanas
  4 orc wizards
  8 gnolls
  7 adders
  3 white imps
  2 ufetubi (D:5)
  A worm (D:5)
  5 dart slugs
  27 orcs
  2 endoplasms
  4 giant cockroaches
  11 hobgoblins
  4 jackals
  2 quokkas
  7 ball pythons
  3 bats
  5 frilled lizards
  9 goblins
  8 kobolds
  2 rats (D:2)
154 creatures vanquished.

Notes
Turn   | Place    | Note
-------+----------+-------------------------------------------
     0 | D:1      | Dittersdorf the Gargoyle Fighter began the quest for the
                  | Orb.
     0 | D:1      | Reached XP level 1. HP: 14/14 MP: 1/1
    39 | D:1      | Found Awops's Jewellery Shoppe.
   263 | D:1      | Reached XP level 2. HP: 19/19 MP: 2/2
   579 | D:1      | Reached XP level 3. HP: 23/23 MP: 3/3
  1156 | D:2      | Found Juyqadio's Magic Scroll Boutique.
  1515 | D:3      | Reached skill level 4 in Armour
  1515 | D:3      | Reached XP level 4. HP: 26/29 MP: 4/4
  2125 | D:3      | Reached XP level 5. HP: 28/33 MP: 5/5
  2555 | D:4      | Noticed an ogre
  2602 | D:3      | Reached XP level 6. HP: 13/39 MP: 6/6
  2900 | D:4      | Noticed Pikel
  3121 | D:4      | Reached skill level 5 in Fighting
  3121 | D:4      | Reached skill level 5 in Armour
  3121 | D:4      | Reached skill level 5 in Shields
  3221 | D:4      | Killed Pikel
  3222 | D:4      | Reached XP level 7. HP: 14/45 MP: 7/7
  3222 | D:4      | Reached XP level 8. HP: 16/51 MP: 8/8
  3299 | D:4      | Identified the +1 dagger of Rontuo {spect, Str+2}
  3417 | D:4      | Reached skill level 6 in Armour
  3687 | D:4      | Reached skill level 5 in Maces & Flails
  3838 | D:5      | Entered Level 5 of the Dungeon
  4017 | D:5      | Noticed Edmund
  4029 | D:5      | Killed Edmund
  4081 | D:5      | Noticed Blork the orc
  4100 | D:5      | Killed Blork the orc
  4164 | D:5      | Reached XP level 9. HP: 56/56 MP: 9/9
  4173 | D:5      | Reached skill level 7 in Armour
  4285 | D:5      | Found Tithu's Weapon Boutique.
  4374 | D:5      | Found a transporter.
  4395 | D:5      | Found a transporter.
  4398 | D:5      | Noticed octoduck's ghost (amateur DrSh)
  4477 | D:5      | Found a blossoming altar of Fedhas.
  4480 | D:5      | Found a basalt altar of Yredelemnul.
  4483 | D:5      | Found a shimmering altar of Xom.
  4497 | D:5      | Found a shadowy altar of Dithmenos.
  5723 | D:6      | Reached skill level 8 in Armour
  5750 | D:7      | Noticed a two-headed ogre
  5761 | D:6      | Slain by a two-headed ogre

Illustrated notes

Levels and vault maps discovered:
D:1:      roadster_arrival_rocket_small, layout_basic, serial_shops, shop,
          minivault_11, st_stairs_9, fountainhead
D:2:      layout_loops_ring, serial_shops, nicolae_shop_just_a_little_nook
D:3:      layout_loops_corners, minmay_misc_feat_ornament
D:4:      layout_basic, uniq_pikel
D:5:      minmay_octagon_keep, layout_loops_ring,
          grunt_temple_overflow_cloverleaf, gammafunk_ghost_mausoleum,
          serial_glass, glass_columns_a, glass_columns_b, serial_shops,
          nicolae_shop_bloodbath_and_beyond, uniq_edmund, uniq_blork_the_orc
D:6:      layout_cave_pods
D:7:      layout_loops_ring, minmay_temple_entry_offerings, serial_rivers,
          chequers_serial_rivers_micro_b, chequers_serial_rivers_micro_c,
          chequers_serial_rivers_room_b, chequers_serial_rivers_large_a,
          chequers_serial_rivers_room_b, chequers_serial_rivers_large_b,
          kennysheep_generic_room_6, uniq_menkaure

Skill      XL: |  1  2  3  4  5  6  7  8  9 |
---------------+----------------------------+-----
Fighting       | 4 5 6 7 |  7.8
Armour         | 4 5 6 8 |  8.0
Shields        | 4 5 6 7 |  7.9
Maces & Flails | 3 4 5 6 |  6.7

Action                     |  1- 3 |  4- 6 |  7- 9 || total
---------------------------+-------+-------+-------++-------
  Melee: Flail             |   124 |   124 |       ||   248
         Morningstar       |       |    49 |   296 ||   345
  Throw: Dart              |       |     1 |    11 ||    12
  Evoke: Wand              |       |       |     4 ||     4
    Use: Scroll            |       |       |    14 ||    14
 Armour: Chain mail        |   106 |   179 |   314 ||   599
  Dodge: Dodged            |    45 |    82 |   184 ||   311
  Block: Buckler           |    31 |    46 |   106 ||   183

Table legend: (Time is in decaauts)
 A = Elapsed time spent in this place.
 B = Non-inter-level travel time spent in this place.
 C = Inter-level travel time spent in this place.
 D = Time resting spent in this place.
 E = Time spent auto-exploring this place.
 F = Levels seen in this place.
 G = Mean time per level.
                   A        B        C        D        E       F      G
               +--------+--------+--------+--------+--------+-----+--------+
         Total |   5924 |   5524 |    400 |    473 |   3623 |   7 |  846.3 |
       Dungeon |   5924 |   5524 |    400 |    473 |   3623 |   7 |  846.3 |
               +--------+--------+--------+--------+--------+-----+--------+

Top non-repeatable levels by time:
     D:3: 1438 daAuts
     D:4: 1023 daAuts
     D:5: 1021 daAuts
     D:6: 948 daAuts
     D:2: 870 daAuts
     D:1: 618 daAuts
     D:7: 4 daAuts
